 Dungeon Crawl Stone Soup version 0.30-a0-918-g0ff054e9dc (webtiles) character file.

Game seed: 14672169731786818147

345 cforsyth the Trooper (level 6, 0/49 HPs)
             Began as a Human Fighter on Mar 21, 2023.
             Slain by Menkaure (12 damage)
             ... on level 4 of the Dungeon.
             The game lasted 00:02:58 (2727 turns).

cforsyth the Trooper (Human Fighter)                Turns: 2727, Time: 00:02:58

Health: 0/49       AC:  7    Str: 19    XL:     6   Next: 89%
Magic:  6/6        EV:  9    Int:  8    God:
Gold:   140        SH:  5    Dex: 12    Spells: 5/5 levels left

rFire   . . .      SeeInvis .    a - +0 flail
rCold   . . .      Faith    .    c - +0 buckler
rNeg    . . .      Spirit   .    b - +0 scale mail
rPois   .          Reflect  .    (no helmet)
rElec   .          Rampage  .    (no cloak)
rCorr   +                        (no gloves)
Will    .....                    (no boots) Stlth
                                 (no amulet)
HPRegen 0.28/turn                o - ring of resist corrosion
MPRegen 0.10/turn                (no ring)

@: no status effects
A: no striking features
a: no special abilities


You were on level 4 of the Dungeon.
You visited 1 branch of the dungeon, and saw 4 of its levels.

You collected 140 gold pieces.

Inventory:

Hand Weapons
 a - a +0 flail (weapon)
Armour
 b - a +0 scale mail (worn)
 c - a +0 buckler (worn)
Jewellery
 o - a ring of resist corrosion (left hand)
Scrolls
 f - 2 scrolls of enchant weapon {unknown}
 i - 4 scrolls of identify {unknown}
 k - a scroll of torment {unknown}
 l - a scroll of immolation {unknown}
 m - a scroll of teleportation {unknown}
Potions
 d - a potion of might
 e - 2 potions of haste {unknown}
 g - a potion of curing {unknown}
 h - a potion of flight {unknown}
 j - a potion of mutation {unknown}
 n - a potion of heal wounds {unknown}
 p - a potion of resistance {unknown}


   Skills:
 + Level 4.4 Fighting
 + Level 3.7 Maces & Flails
 + Level 4.3 Armour
 + Level 4.3 Shields


You had 5 spell levels left.
You didn't know any spells.
Your spell library was empty.

Dungeon Overview and Level Annotations

Branches:
Dungeon (4/15)             Temple (0/1) D:4

Altars:
Vehumet

Shops:
D:2 (   D:3 =

Annotations:
D:4 Menkaure


Message History

You sock the jelly!
You kill the jelly!
No target in view!
No target in view!
No target in view!
No target in view!
No target in view!
No target in view!
Found a stone staircase leading down.
There is a stone staircase leading down here.
Menkaure, Prince of Dust comes into view.
Menkaure is nearby!
Menkaure is nearby!
Menkaure is nearby!
Menkaure casts a spell.
Menkaure seems to speed up.
Menkaure hits you! Menkaure barely misses you.
You barely miss Menkaure. You block Menkaure's attack.
You hit Menkaure.
Menkaure is lightly damaged.
Menkaure calls on the powers of darkness!
Your body is wracked with pain!
Menkaure closely misses you.
You are too injured to fight recklessly!
You are too injured to fight recklessly!
You are too injured to fight recklessly!
You are too injured to fight recklessly!
You are too injured to fight recklessly!
You are too injured to fight recklessly!
You are too injured to fight recklessly!
You are too injured to fight recklessly!
You are too injured to fight recklessly!
You hit Menkaure.
Menkaure is lightly damaged.
Menkaure calls on the powers of darkness!
Your body is wracked with pain!
* * * LOW HITPOINT WARNING * * *
You barely miss Menkaure.
Menkaure is lightly damaged.
Menkaure hits you!
You die...

##+# ######..#####....#
##.# .. ..........#.#.#
##.# .# #.#.#####.#.#.#
#..######.###.#..#.#..#.#.#
..................>...#.#.#
#.###.....#.#.#..#.#..#.#.#
#.........# #..#........#
#####..)..# #..#....#.#.# #
###'#.# #.@#....#... # #.#
# #.M.......#.# ### #.#
#.##.#..#...# +.#####.# #.
.....#.# . #.......# #. #..
#..###### #. ..# '...##..
.. .# ###.##.# ## .
###..#.# .# ....


You could see Menkaure (fast).

Vanquished Creatures
  2 scorpions (D:4)
  2 hounds (D:4)
  A jelly (D:4)
  Jessica (D:2)
  An iguana (D:4)
  4 adders
  A worm (D:4)
  An orc (D:3)
  4 ball pythons
  5 endoplasms
  3 giant cockroaches
  2 goblins (D:1)
  4 hobgoblins
  5 kobolds
  3 quokkas
  6 bats
  3 frilled lizards (D:1)
  2 rats
50 creatures vanquished.

Notes
Turn   | Place    | Note
-------+----------+-------------------------------------------
     0 | D:1      | cforsyth the Human Fighter began the quest for the Orb.
     0 | D:1      | Reached XP level 1. HP: 18/18 MP: 1/1
    79 | D:1      | Reached XP level 2. HP: 24/24 MP: 2/2
   146 | D:1      | Found a faded altar of an unknown god.
   527 | D:1      | Reached XP level 3. HP: 29/29 MP: 3/3
  1168 | D:2      | Reached XP level 4. HP: 35/35 MP: 4/4
  1196 | D:2      | Noticed Jessica
  1199 | D:2      | Killed Jessica
  1600 | D:2      | Found Niblevorua's Weapon Emporium.
  1777 | D:3      | Found Kyapag's Jewellery Shoppe.
  1956 | D:3      | Noticed a wight
  1978 | D:4      | Reached XP level 5. HP: 36/42 MP: 5/5
  2254 | D:4      | Found a radiant altar of Vehumet.
  2297 | D:4      | Reached XP level 6. HP: 30/48 MP: 6/6
  2561 | D:4      | Found a staircase to the Ecumenical Temple.
  2719 | D:4      | Noticed Menkaure
  2727 | D:4      | Slain by Menkaure

Illustrated notes

Levels and vault maps discovered:
D:1:      minmay_arrival_four_loops, layout_basic, ebering_ecumenical_altar_hall
D:2:      layout_loops_ring, serial_shops, shop, uniq_jessica
D:3:      layout_loops_ring, mainiacjoe_overflow_brackets,
          grunt_temple_overflow_open, serial_shops, shop, serial_rivers,
          chequers_serial_rivers_micro_b, chequers_serial_rivers_micro_c,
          chequers_serial_rivers_room_b, chequers_serial_rivers_micro_d,
          chequers_serial_rivers_small_3, chequers_serial_rivers_micro_c,
          uniq_ijyb
D:4:      layout_basic, mainiacjoe_overflow_24_doors, temple_green,
          st_stairs_11, nicolae_zen_rock_garden, uniq_menkaure

Skill      XL: |  1  2  3  4  5 |
---------------+----------------+-----
Maces & Flails | 3 |  3.7
Fighting       | 4 |  4.4
Armour         | 4 |  4.3
Shields        | 4 |  4.3

Action                     |  1- 3 |  4- 6 || total
---------------------------+-------+-------++-------
  Melee: Flail             |   102 |   136 ||   238
 Armour: Scale mail        |    54 |    63 ||   117
  Dodge: Dodged            |    45 |    69 ||   114
  Block: Buckler           |    20 |    36 ||    56

Table legend: (Time is in decaauts)
 A = Elapsed time spent in this place.
 B = Non-inter-level travel time spent in this place.
 C = Inter-level travel time spent in this place.
 D = Time resting spent in this place.
 E = Time spent auto-exploring this place.
 F = Levels seen in this place.
 G = Mean time per level.
                   A        B        C        D        E       F      G
               +--------+--------+--------+--------+--------+-----+--------+
         Total |   2801 |   2763 |     38 |    110 |   2147 |   4 |  700.2 |
       Dungeon |   2801 |   2763 |     38 |    110 |   2147 |   4 |  700.2 |
               +--------+--------+--------+--------+--------+-----+--------+

Top non-repeatable levels by time:
     D:1: 982 daAuts
     D:2: 804 daAuts
     D:4: 776 daAuts
     D:3: 238 daAuts
